 Dungeon Crawl Stone Soup version 0.30.1-11-g7821555f0a (webtiles) character file.

Game seed: 14824382921786933826

94 comborobin the Sneak (level 4, 0/37 HPs)
             Began as a Demigod Delver on Dec 16, 2023.
             Slain by a killer bee zombie (2 damage)
             ... in an ossuary.
             The game lasted 00:00:48 (358 turns).

comborobin the Sneak (Demigod Delver)                Turns: 358, Time: 00:00:48

Health: 0/37       AC:  6    Str: 17    XL:     4   Next: 16%
Magic:  6/6        EV: 11    Int: 12    God:
Gold:   5          SH:  4    Dex: 15    Spells: 3/3 levels left

rFire   . . .        a - +0 flail
rCold   . . .        i - +1 buckler {AC+3}
rNeg    . . .        b - +0 leather armour
rPois   .            (no helmet)
rElec   .            (no cloak)
rCorr   .            (no gloves)
SInv    .            (no boots)
Will    .....        (no amulet)
Stlth   +++          (no ring)
HPRegen 0.26/turn    (no ring)
MPRegen 0.10/turn

%: no passive effects
@: on berserk cooldown, hasted and slowed
A: high MP 1, forlorn, divine attributes
a: no special abilities


You were in an ossuary.
You visited 1 branch of the dungeon, and saw 1 of its levels.
You also visited: Ossuary.

You collected 5 gold pieces.

Inventory:

Hand Weapons
 a - a +0 flail (weapon)
 j - a +0 mace
Armour
 b - a +0 leather armour (worn)
 i - a +1 buckler of protection (worn)
Wands
 g - a wand of digging (3)
Scrolls
 c - a scroll of fog
 d - 2 scrolls of magic mapping
 e - a scroll of fear


   Skills:
 - Level 2.6 Fighting
 + Level 4.3 Maces & Flails
 - Level 1.7 Dodging
 - Level 4.5 Stealth


You had 3 spell levels left.
You didn't know any spells.
Your spell library was empty.

Dungeon Overview and Level Annotations

Branches:
Dungeon (5/15)            Ossuary (1/1)
 Temple: D:4-7


Innate Abilities, Weirdness & Mutations

You have an increased reservoir of magic. (+10% MP)
You shall have no god before yourself.
Your divine heritage dramatically boosts your attributes as you level up.


Message History

You destroy the mummy!
The centaur zombie hits you.
* * * LOW HITPOINT WARNING * * *
The centaur zombie barely misses you.
A mummy comes into view.
You have reached level 4!
You hit the mummy.
The mummy is moderately damaged.
The centaur zombie hits you.
* * * LOW HITPOINT WARNING * * *
The centaur zombie barely misses you.
You sock the mummy!
The mummy is almost destroyed.
You barely miss the mummy.
The mummy is almost destroyed.
The centaur zombie hits you but does no damage.
The centaur zombie kicks you but does no damage.
The mummy splashes around in the water.
You strike the helpless mummy from behind!
You sock the mummy!
You destroy the mummy!
You block the killer bee zombie's attack.
The centaur zombie hits you.
* * * LOW HITPOINT WARNING * * *
The centaur zombie barely misses you.
You catch the helpless killer bee zombie completely off-guard!
You thump the killer bee zombie!
The killer bee zombie is heavily damaged.
You flicker back into view.
You are no longer berserk.
You are exhausted.
You feel yourself slow down.
You block the killer bee zombie's attack.
You sock the killer bee zombie!
The killer bee zombie is almost destroyed.
The killer bee zombie hits you but does no damage.
The killer bee zombie hits you.
* * * LOW HITPOINT WARNING * * *
The centaur zombie barely misses you. The centaur zombie misses you.
The killer bee zombie hits you.
You die...

#.# '.#
#.' '.#
##.## '.'
###M#####
#P~Z#..∩#
#~#Z@.∩.#
#P.~#...#
#~#~.#####
##P~~.
#~#+#+ ≈≈
#≈≈ #≈# #≈


You could see a mummy, a killer bee zombie and a centaur zombie.

Vanquished Creatures
  A hound (D:5)
  5 mummies (Ossuary)
  An orc (D:5)
7 creatures vanquished.

Notes
Turn   | Place    | Note
-------+----------+-------------------------------------------
     0 | D:5      | comborobin the Demigod Delver began the quest for the Orb.
     0 | D:5      | Reached XP level 1. HP: 18/18 MP: 3/3
    24 | D:5      | Noticed a hound
    41 | D:5      | Killed a hound
    42 | D:5      | Reached XP level 2. HP: 3/25 MP: 4/4
   302 | D:5      | Noticed an ogre
   324 | D:5      | Found a sand-covered staircase.
   329 | Ossuary  | Entered an ossuary
   346 | Ossuary  | Reached XP level 3. HP: 20/30 MP: 5/5
   353 | Ossuary  | Reached XP level 4. HP: 16/37 MP: 6/6
   358 | Ossuary  | Slain by a killer bee zombie

Illustrated notes

Levels and vault maps discovered:
D:5:      layout_basic, grunt_qazlal_sundering, lemuel_crystal_altar,
          minmay_temple_entry_enclosed_plants, enter_ossuary_5,
          reono_crystal_passage
Ossuary:  ossuary_zaba_flooded

Skill      XL: |  1  2  3 |
---------------+----------+-----
Maces & Flails | 3 4 |  4.3
Fighting       | |  2.6
Dodging        | |  1.7
Stealth        | |  4.5

Action                     |  1- 3 |  4- 6 || total
---------------------------+-------+-------++-------
  Melee: Mace              |    16 |       ||    16
         Flail             |    13 |     6 ||    19
    Use: Potion            |     3 |       ||     3
   Stab: Invisible         |     2 |     2 ||     4
 Armour: Leather armour    |     4 |     3 ||     7
  Dodge: Dodged            |    13 |     4 ||    17
  Block: Buckler           |       |     2 ||     2
